 Dungeon Crawl Stone Soup version 0.30.1-4-g462c640d31 (webtiles) character file.

Game seed: 12819194409946584251

105 pacmanke6689 the Slasher (level 4, -1/34 HPs)
             Began as a Demonspawn Gladiator on Sept 10, 2023.
             Slain by a gnoll
             ... wielding a +0 spear
              (4 damage)
             ... on level 2 of the Dungeon.
             The game lasted 00:06:10 (1667 turns).

pacmanke6689 the Slasher (Demonspawn Gladiator)     Turns: 1667, Time: 00:06:11

Health: -1/34      AC:  3    Str: 17    XL:     4   Next: 53%
Magic:  4/4        EV: 12    Int:  9    God:
Gold:   68         SH:  0    Dex: 16    Spells: 3/3 levels left

rFire   . . .        a - +0 long sword
rCold   . . .        (no shield)
rNeg    . . .        b - +0 leather armour
rPois   .            (helmet restricted)
rElec   .            (no cloak)
rCorr   .            (no gloves)
SInv    .            (no boots)
Will    .....        (no amulet)
Stlth   ++           (no ring)
HPRegen 0.25/turn    (no ring)
MPRegen 0.09/turn

%: no passive effects
@: flying
A: horns 1, thin skeletal structure 1
a: no special abilities


You were on level 2 of the Dungeon.
You visited 1 branch of the dungeon, and saw 2 of its levels.

You collected 68 gold pieces.

Inventory:

Hand Weapons
 a - a +0 long sword (weapon)
Armour
 b - a +0 leather armour (worn)
 c - a +0 helmet
Potions
 h - a potion of mutation {unknown}


   Skills:
 + Level 2.8 Fighting
 + Level 3.4 Long Blades
 + Level 1.9 Throwing
 + Level 1.9 Armour
 + Level 3.0 Dodging
 + Level 0.4 Stealth


You had 3 spell levels left.
You didn't know any spells.
Your spell library was empty.

Dungeon Overview and Level Annotations

Branches:
Dungeon (2/15)

Altars:

Annotations:
D:2 Robin


Innate Abilities, Weirdness & Mutations

You have a pair of small horns on your head.
You have a somewhat thin skeletal structure. (Dex +2, Stealth+)


Message History

The ball python bites you but does no damage.
The ball python grabs you. The ball python constricts you.
You slash the ball python!
You kill the ball python!
You see here a ball python corpse. 2 gnolls come into view.
Found a glowing silver altar of Zin.
A gnoll comes into view. It is wielding a +0 club.
The gnoll shouts! x3
A rat comes into view.
A gnoll comes into view. It is wielding a +0 flail.
The gnoll attacks as you move away! The gnoll hits you with a +0 whip.
You barely miss the gnoll. The gnoll barely misses you.
The gnoll hits you with a +0 whip.
You hit the gnoll. You headbutt the gnoll.
The gnoll is moderately wounded.
The gnoll hits you with a +0 whip. The gnoll hits you with a +0 whip.
The gnoll barely misses you.
You completely miss the gnoll.
The gnoll is moderately wounded.
The gnoll barely misses you.
The gnoll hits you from afar with a +0 spear.
You slash the gnoll!
You kill the gnoll!
The gnoll barely misses you. The gnoll hits you with a +0 spear!
You see here a +0 whip.
You completely miss the gnoll. Your headbutt misses the gnoll.
The gnoll hits you with a +0 spear.
* * * LOW HITPOINT WARNING * * *
It was a potion of flight.
You feel very buoyant.
You fly up into the air.
The gnoll hits you with a +0 spear.
* * * LOW HITPOINT WARNING * * *
You hit the gnoll.
The gnoll is moderately wounded.
The gnoll hits you with a +0 spear.
* * * LOW HITPOINT WARNING * * *
The gnoll hits you with a +0 spear.
You die...

.#.#.#...#.# #.##.....# #.
.#.#.#...#.# #.##...#.# #.
....>....#.# #........# ..
.....#...#.# #........# #.
.#<..#...#.# #........# #.
...........# #..#.....#######.
.........###### #......†.......
..#.#..........###.#........###
.##.##.#####....@.......#####
.<..# ## #.#.##g####### .....
#.##r## ###### #...g.# .
##g####g.# . .....##..# .
....g....# .._..###.# .... #.#


You could see 3 gnolls and a rat.

Vanquished Creatures
  A sleepcap (D:2)
  A gnoll (D:2)
  An adder (D:2)
  A dart slug (D:2)
  6 bats
  4 endoplasms
  3 giant cockroaches (D:1)
  3 hobgoblins
  9 jackals (D:1)
  A quokka (D:1)
  7 ball pythons
  3 frilled lizards
  7 goblins
  3 kobolds (D:1)
  3 rats
53 creatures vanquished.

Notes
Turn   | Place    | Note
-------+----------+-------------------------------------------
     0 | D:1      | pacmanke6689 the Demonspawn Gladiator began the quest for
                  | the Orb.
     0 | D:1      | Reached XP level 1. HP: 16/16 MP: 1/1
   354 | D:1      | Gained mutation: You have a somewhat thin skeletal
                  | structure. (Dex +2, Stealth+) [demonic ancestry]
   354 | D:1      | Reached XP level 2. HP: 20/23 MP: 2/2
   707 | D:1      | Gained mutation: You have a pair of small horns on your
                  | head. [demonic ancestry]
   707 | D:1      | Reached XP level 3. HP: 28/28 MP: 3/3
   888 | D:1      | Found a faded altar of an unknown god.
  1344 | D:2      | Reached skill level 1 in Armour
  1452 | D:2      | Noticed Robin
  1486 | D:2      | Reached XP level 4. HP: 17/34 MP: 4/4
  1667 | D:2      | Slain by a gnoll

Illustrated notes

Levels and vault maps discovered:
D:1:      dpeg_arrival_water_fire, layout_loops_ring,
          shapermc_ecumenical_altar_hornbeckon, chequers_arboretum
D:2:      layout_loops_cross, basic_altar, minmay_misc_feat_enclosed,
          uniq_jessica, uniq_robin

Skill      XL: |  1  2  3 |
---------------+----------+-----
Long Blades    | 3 |  3.4
Armour         | 1 |  1.9
Dodging        | 3 |  3.0
Fighting       | |  2.8
Throwing       | |  1.9
Stealth        | |  0.4

Action                     |  1- 3 |  4- 6 || total
---------------------------+-------+-------++-------
  Melee: Long sword        |   138 |    17 ||   155
         Punch             |     2 |       ||     2
         Headbutt          |    13 |     1 ||    14
  Throw: Throwing net      |     3 |       ||     3
         Javelin           |     3 |       ||     3
    Use: Scroll            |     2 |       ||     2
         Potion            |     1 |     1 ||     2
   Stab: Sleeping          |     2 |     2 ||     4
 Armour: Leather armour    |    41 |     4 ||    45
  Dodge: Dodged            |   130 |    11 ||   141
